Map: Rifts to Korhal

Players

Siliatra

  • Race: Protoss Protoss
  • Spawn Location: 7:00

Sindyr

  • Race: Terran Terran
  • League: Master
  • Spawn Location: 7:00

VOD

Have the link to the VOD?

Description

Time

  • Played on: Oct. 11, 2025, 8:51 a.m.
  • Length: 28:02
Show
View Real Time Build Order
Export as new Build Order

Siliatra Protoss 

Build Orders:  

Get SALT Encoding   

  12  0:03  Probe (Chrono Boost)  
  13  0:17  Probe (Chrono Boost)  
  14  0:25  Pylon  
  14  0:33  Probe (Chrono Boost)  
  15  0:50  Probe (Chrono Boost)  
  15  0:55  Gateway  
  16  1:04  Probe (Chrono Boost)  
  16  1:08  Assimilator  
  17  1:18  Probe (Chrono Boost)  
  18  1:31  Probe (Chrono Boost)  
  19  1:45  Probe (Chrono Boost)  
  19  1:48  Assimilator  
  20  1:59  Probe (Chrono Boost)  
  20  2:04  Cybernetics Core  
  20  2:06  Pylon  
  21  2:13  Probe (Chrono Boost)  
  22  2:27  Probe (Chrono Boost)  
  23  2:41  Probe (Chrono Boost)  
  24  2:55  Probe (Chrono Boost), Robotics Facility  
  25  3:09  Probe (Chrono Boost)  
  21  3:22  Probe (Chrono Boost)  
  21  3:28  Adept  
  17  3:36  Probe (Chrono Boost)  
  6  3:50  Probe (Chrono Boost)  
  5  4:04  Probe (Chrono Boost)  
  6  4:23  Probe (Chrono Boost)  
  7  4:46  Probe (Chrono Boost)  
  8  4:59  Probe (Chrono Boost)  
  9  5:14  Probe (Chrono Boost)  
  10  5:28  Probe (Chrono Boost)  
  11  5:42  Probe (Chrono Boost)  
  12  6:04  Probe (Chrono Boost)  
  13  6:17  Probe (Chrono Boost)  
  14  6:23  Warp Gate  
  14  6:31  Probe (Chrono Boost)  
  15  6:45  Probe (Chrono Boost)  
  16  6:59  Probe (Chrono Boost)  
  17  7:13  Probe (Chrono Boost)  
  18  7:27  Probe (Chrono Boost)  
  19  7:41  Probe (Chrono Boost)  
  19  7:43  Adept  
  22  7:55  Probe (Chrono Boost)  
  23  8:02  Pylon  
  23  8:08  Probe (Chrono Boost)  
  24  8:22  Probe (Chrono Boost)  
  24  8:26  Pylon  
  24  8:29  Pylon  
  25  8:36  Probe (Chrono Boost)  
  26  8:50  Probe (Chrono Boost)  
  27  9:04  Probe (Chrono Boost)  
  28  9:18  Probe (Chrono Boost)  
  29  9:28  Adept  
  31  9:32  Probe (Chrono Boost)  
  31  9:33  Nexus  
  32  9:46  Probe (Chrono Boost), Forge  
  33  9:55  Gateway  
  33  9:58  Gateway  
  33  9:59  Probe (Chrono Boost)  
  34  10:13  Probe (Chrono Boost)  
  34  10:18  Adept  
  37  10:27  Probe (Chrono Boost)  
  37  10:28  Protoss Ground Weapons Level 1  
  38  10:35  Twilight Council  
  38  10:41  Probe (Chrono Boost)  
  39  10:55  Probe (Chrono Boost)  
  40  11:09  Probe (Chrono Boost)  
  41  11:13  Probe (Chrono Boost)  
  41  11:18  Adept x3  
  48  11:37  Probe x2 (Chrono Boost)  
  50  11:43  Assimilator  
  50  11:51  Probe x2 (Chrono Boost)  
  52  12:05  Probe x2 (Chrono Boost)  
  54  12:11  Assimilator  
  54  12:15  Adept x2  
  54  12:19  Probe x2 (Chrono Boost)  
  59  12:22  Psionic Projection  
  60  12:33  Probe (Chrono Boost)  
  60  12:36  Probe (Chrono Boost)  
  60  12:39  Forge  
  62  12:47  Probe (Chrono Boost)  
  63  12:53  Probe (Chrono Boost)  
  64  13:01  Probe (Chrono Boost)  
  66  13:10  Adept x2, Probe (Chrono Boost)  
  70  13:22  Charge  
  70  13:32  Pylon  
  70  13:35  Pylon  
  70  13:39  Pylon  
  70  13:41  Pylon  
  70  13:43  Pylon  
  70  13:46  Pylon  
  70  13:48  Pylon  
  70  13:50  Pylon  
  70  13:54  Protoss Ground Weapons Level 2  
  70  13:57  Probe (Chrono Boost)  
  71  14:00  Protoss Ground Armor Level 1  
  71  14:03  Adept x2  
  71  14:04  Adept  
  77  14:14  Gateway  
  77  14:17  Gateway  
  77  14:18  Gateway  
  77  14:23  Observer  
  76  15:36  Adept x3  
  76  15:37  Adept  
  84  16:13  Observer  
  85  16:29  Robotics Facility  
  85  16:43  Observer  
  86  16:55  Adept x2  
  86  16:56  Adept x4  
  98  17:05  Gateway  
  98  17:08  Gateway  
  98  17:12  Gateway x2  
  98  17:21  Robotics Facility  
  98  17:24  Robotics Facility  
  86  17:41  Protoss Ground Weapons Level 3  
  86  17:47  Protoss Ground Armor Level 2  
  76  18:10  Adept  
  76  18:11  Adept x4  
  76  18:12  Adept  
  88  18:33  Adept x4  
  88  18:34  Adept  
  88  18:39  Immortal  
  102  18:40  Immortal  
  102  18:43  Robotics Bay  
  102  18:46  Pylon  
  102  18:49  Pylon  
  106  18:58  Photon Cannon  
  106  18:59  Photon Cannon  
  106  19:01  Photon Cannon  
  106  19:04  Photon Cannon  
  106  19:07  Photon Cannon  
  106  19:14  Adept x4  
  114  19:20  Conservator x2  
  114  19:21  Conservator x3  
  124  19:38  Immortal  
  128  20:27  Immortal x2  
  136  20:32  Immortal  
  139  20:51  Protoss Shields Level 1  
  139  20:54  Gravitic Boosters  
  139  21:14  Protoss Ground Armor Level 3  
  139  21:22  Immortal  
  139  21:28  Pylon  
  141  21:31  Pylon  
  141  21:34  Pylon  
  141  21:36  Pylon  
  139  21:47  Adept x4  
  139  21:48  Adept  
  149  22:10  Adept  
  149  22:11  Adept x3  
  153  23:12  Immortal x2  
  153  23:13  Immortal  
  153  23:15  Protoss Shields Level 2  
  165  23:43  Pylon  
  165  23:45  Pylon  
  165  23:47  Pylon  
  165  23:52  Pylon  
  165  23:54  Pylon  
  165  23:56  Pylon  
  165  23:58  Pylon  
  165  24:07  Immortal x2  
  165  24:08  Immortal  
  167  25:09  Adept x4  
  167  25:10  Adept x3  
  167  25:11  Adept x2  
  177  25:26  Adept  
  177  25:28  Immortal x3  
  189  25:57  Pylon  
  187  26:01  Pylon  
  187  26:06  Pylon  
  175  26:11  Pylon  
  175  26:17  Pylon  
  171  26:23  Immortal, Observer x2  
  167  26:48  Adept  
  167  26:49  Adept x5  
  163  26:50  Adept x4  
  163  26:53  Observer  
Show
View Real Time Build Order
Export as new Build Order

Sindyr Terran 

Build Orders:  

Get SALT Encoding   

  12  0:06  SCV  
  13  0:23  SCV  
  13  0:27  Supply Depot  
  14  0:40  SCV  
  15  0:57  SCV  
  15  0:58  Barracks  
  16  1:11  Refinery  
  16  1:14  SCV  
  17  1:31  SCV  
  18  1:47  Refinery  
  18  1:48  SCV  
  19  2:02  Supply Depot  
  19  2:05  SCV  
  20  2:10  Marine  
  21  2:21  Marine, SCV  
  23  2:31  Marine  
  23  2:38  SCV  
  25  2:41  Marine  
  25  2:42  Bunker  
  26  2:51  Marine  
  26  2:55  SCV  
  27  3:01  Marine  
  25  3:12  Marine, SCV  
  24  3:22  Marine  
  13  4:03  SCV  
  14  4:16  Barracks Reactor  
  14  4:36  Bunker  
  14  4:53  SCV  
  15  5:10  Marine, SCV  
  17  5:27  SCV  
  18  5:44  SCV  
  19  6:01  SCV  
  20  6:18  SCV  
  21  6:23  Marine x2  
  23  6:33  Marine x2  
  23  6:35  SCV  
  26  6:43  Marine x2  
  28  6:52  SCV  
  29  7:03  Barracks  
  29  7:09  SCV  
  30  7:17  Supply Depot  
  30  7:26  SCV  
  30  7:27  Unknown  
  31  7:38  Factory  
  31  7:42  Barracks Tech Lab  
  31  7:43  SCV  
  31  7:45  Marine x2  
  34  7:55  Marine  
  35  8:03  Supply Depot  
  35  8:06  SCV  
  36  8:29  Barracks  
  36  8:43  Marine x2  
  36  8:44  Marine  
  35  8:53  Marine  
  35  8:56  Orbital Command  
  36  9:03  Factory Tech Lab  
  36  9:08  Barracks Reactor  
  36  9:41  Command Center  
  36  9:46  SCV  
  37  10:03  SCV  
  38  10:10  Medic  
  38  10:12  Marine x2  
  38  10:14  Marine  
  38  10:19  Marine  
  43  10:20  Medic, SCV  
  47  10:32  Supply Depot, Marine  
  47  10:37  SCV  
  49  10:50  Stabilizer Medpacks  
  49  10:54  SCV  
  53  11:06  Supply Depot  
  53  11:08  Supply Depot  
  50  11:11  SCV  
  51  11:27  Orbital Command  
  51  11:28  SCV  
  52  11:45  SCV  
  53  11:55  Marine x3  
  53  11:56  Marine, Marauder  
  59  12:05  Marine  
  60  12:23  Marauder  
  62  12:33  SCV  
  62  12:34  SCV  
  62  12:36  Firebat  
  66  12:49  Firebat  
  66  12:50  SCV  
  66  12:51  SCV  
  66  12:52  Engineering Bay  
  66  12:55  Engineering Bay  
  70  13:07  SCV  
  70  13:08  SCV  
  72  13:22  Barracks  
  72  13:24  SCV  
  72  13:25  SCV  
  72  13:27  Barracks  
  74  13:37  Barracks  
  74  13:38  Barracks  
  74  13:41  SCV x2  
  74  13:49  Marauder  
  76  13:52  Starport  
  76  13:58  SCV x2  
  80  14:02  Barracks Tech Lab, Marauder  
  80  14:03  Barracks Tech Lab  
  80  14:04  Marine x4  
  86  14:35  Terran Infantry Weapons Level 1, Terran Infantry Armor Level 1  
  86  14:43  Incinerator Gauntlets  
  86  14:55  SCV x2  
  86  15:06  Marine  
  86  15:07  Marine  
  86  15:08  Marine  
  85  15:10  Marine  
  85  15:14  Marine  
  85  15:16  SCV  
  85  15:17  Marauder  
  85  15:18  Marine  
  85  15:19  SCV  
  86  15:20  Supply Depot, Marine x3, Marauder x2  
  86  15:21  Supply Depot x2, Marine  
  86  15:29  Marine x2  
  88  15:30  Marine x3  
  88  15:33  Marine, Marauder  
  88  15:36  Barracks Tech Lab  
  88  15:38  Barracks Tech Lab  
  88  15:39  Marine x2  
  93  15:43  Juggernaut Plating  
  95  15:50  Marine  
  95  15:56  Marine  
  88  16:00  Marine  
  87  16:15  Marine  
  87  16:16  Marine x3  
  87  16:17  Marine x5  
  95  16:25  Marine  
  95  16:26  Marine  
  95  16:27  Marine x3, Marauder  
  98  16:47  Armory  
  98  16:52  Starport Tech Lab  
  98  16:58  Marine x3  
  98  16:59  Marine x6  
  98  17:03  Starport  
  98  17:08  Marine  
  98  17:09  Marine  
  109  17:26  Marine  
  109  17:27  Marine x7  
  109  17:28  Marine  
  94  17:37  Marine x7  
  94  17:39  Marine  
  97  17:48  Refinery  
  83  17:54  Refinery  
  74  18:31  Terran Infantry Weapons Level 2, Terran Infantry Armor Level 2  
  74  18:36  Terran Vehicle and Ship Weapons Level 1  
  74  18:41  Starport Tech Lab  
  74  19:06  Marine x7  
  74  19:08  Firebat, Fusion Core  
  74  19:09  Marauder  
  81  19:16  Medic  
  81  19:17  Medic x2  
  91  19:20  Medic  
  91  19:21  Medic  
  91  19:27  Medic x3  
  97  19:30  Medic  
  97  19:31  Medic  
  97  19:32  Marine x4  
  109  19:41  Marine  
  110  20:01  Supply Depot x2, Medic x2  
  110  20:02  Medic x2  
  110  20:04  Supply Depot  
  116  20:16  Marine  
  116  20:17  Marine x8  
  119  20:26  Marine  
  119  20:27  Marine x7  
  125  21:08  Marine x5  
  125  21:09  Marine x4  
  125  21:16  Terran Vehicle And Ship Armor Level 1  
  125  21:18  Marine  
  125  21:19  Marine, Medic  
  102  21:50  Marauder  
  98  22:11  Marine x4  
  98  22:12  Marine x5  
  107  22:21  Marine  
  107  22:22  Marine, Marauder x3  
  115  22:48  Battlecruiser x2  
  127  23:02  Starport  
  127  23:04  Starport  
  127  23:06  Starport  
  127  23:10  Terran Infantry Weapons Level 3, Terran Infantry Armor Level 3  
  127  23:15  Marine x3  
  127  23:16  Marine x4  
  134  23:55  Starport Tech Lab  
  134  23:56  Terran Vehicle and Ship Weapons Level 2  
  134  23:57  Starport Tech Lab  
  134  23:59  Starport Tech Lab  
  134  24:29  Supply Depot, Marine x8  
  134  24:32  Supply Depot x2, Marine, Battlecruiser  
  134  24:33  Battlecruiser  
  134  24:35  Supply Depot, Battlecruiser  
  134  24:36  Supply Depot x2, Battlecruiser x2  
  134  24:39  Marine x3  
  142  25:15  Marine x9  
  135  25:22  Battlecruiser  
  135  25:25  Marine x4  
  135  25:26  Marauder x2  
  149  25:44  Battlecruiser  
  155  25:56  Battlecruiser  
  137  26:30  Battlecruiser  
  136  26:58  Marine  
  136  26:59  Marine x8  
  130  27:08  Marine  
  130  27:09  Marine x7  
  133  27:10  Marine  
  133  27:19  Marine x6  
  147  27:32  Marine x5  
  147  27:33  Marine x4  
Tags
 
Commander
FenixRaynor
League
Master
Matchup
Co-op
Replay Pack
Multiplayer
Add a new tag
Caveats
  • Supply blocks, unpowered buildings, or Contaminate may cause inaccurate times.
  • Supply counts are checked every 10 seconds.